 Dungeon Crawl Stone Soup version 0.20.0-15-g7f486f2 (console) character file.

39 bli the Firebug (level 3, -1/24 HPs)
             Began as a Demonspawn Wanderer on June 13, 2017.
             Slain by an adder (5 damage)
             ... on level 2 of the Dungeon.
             The game lasted 00:08:13 (1900 turns).

bli the Firebug (Demonspawn Wanderer)               Turns: 1900, Time: 00:08:13

Health: -1/24      AC:  2    Str: 13    XL:     3   Next: 26%
Magic:  0/6        EV: 11    Int: 13    God:
Gold:   74         SH:  0    Dex: 12    Spells: 3/6 levels left

rFire    . . .     SeeInvis .   r - +0 whip
rCold    . . .     Gourm    .   (no shield)
rNeg     . . .     Faith    .   d - +0 robe
rPois    .         Spirit   .   (no helmet)
rElec    .         Reflect  .   (no cloak)
rCorr    .         Harm     .   (no gloves)
MR       .....                  (no boots)
Stlth    +.........             (no amulet)
Regen    0.1/turn               o - ring of loudness (curse)
MPRegen  0.1/turn               (no ring)

@: lethally poisoned (-1 -> -4), very slightly contaminated
A: demonic guardian 1
a: no special abilities


You were on level 2 of the Dungeon.
You were not hungry.

You visited 1 branch of the dungeon, and saw 2 of its levels.

You collected 74 gold pieces.

Inventory:

Hand Weapons
 e - a +0 club
 r - a +0 whip (weapon)
Missiles
 i - 84 stones (quivered)
Armour
 d - a +0 robe (worn)
 m - a +0 shield
Jewellery
 k - an uncursed ring of ice
 o - a cursed ring of loudness (left hand)
Scrolls
 h - 6 scrolls of identify {unknown}
 n - 3 scrolls of remove curse {unknown}
 s - a scroll of enchant weapon {unknown}
Potions
 g - a potion of agility {unknown}
 j - 3 potions of curing {unknown}
 l - a potion of haste {unknown}
 q - a potion of flight {unknown}
 t - a potion of degeneration {unknown}
Books
 a - a book of Minor Magic

   Spells                             Type                      Level
   a - Magic Dart                     Conjuration                  1
   b - Blink                          Translocation                2
   c - Call Imp                       Summoning                    2
   d - Slow                           Hexes                        2
   e - Conjure Flame                  Conjuration/Fire             3
   f - Mephitic Cloud                 Conjuration/Poison/Air       3
 b - the Catalogue of Flight

   Spells                             Type                      Level
   a - Shock                          Conjuration/Air              1
   b - Static Discharge               Conjuration/Air              3
 c - the Incunabulum of the Arsonist

   Spells                             Type                      Level
   a - Flame Tongue                   Conjuration/Fire             1
   b - Inner Flame                    Hexes/Fire                   3
Comestibles
 f - a bread ration


   Skills:
 - Level 1.0 Throwing
 + Level 0.1 Dodging
 + Level 1.5 Stealth
 * Level 2.0 Spellcasting
 + Level 0.2 Conjurations
 + Level 3.0 Summonings
 + Level 4.0 Fire Magic


You had 3 spell levels left.
You knew the following spells:

 Your Spells              Type           Power        Failure   Level  Hunger
a - Flame Tongue          Conj/Fire      #....        11%         1    ##.....
I - Call Imp              Summ           #.......     11%         2    ###....


Dungeon Overview and Level Annotations

Branches:
Dungeon (2/15)

Altars:


Innate Abilities, Weirdness & Mutations

A weak demonic guardian rushes to your aid.


Message History

The adder closely misses you.
You barely miss the adder.
The adder is severely wounded.
Your crimson imp blinks!
The adder bites you.
* * * LOW HITPOINT WARNING * * *
Casting: Flame Tongue
Confirm with . or Enter, or press ? or * to list all spells.
Aiming: Flame Tongue
Press: ? - help, Shift-Dir - straight line, f/p - adder
Aim: an adder (severely wounded)
The flame tongue hits the adder.
The adder is almost dead.
The adder closely misses you.
You hit the adder.
The adder is almost dead.
You feel sick. The adder bites you.
* * * LOW HITPOINT WARNING * * *
The adder bites you.
You die...

#..........# #..........#
####..........####
..............+...
#.............####
#.##..........#
#.#####'###.### #.# #.# #.#
####.#####.# #.#####
#####..........# #.....#
...#.##@####..# #####.#
.w####.#.§S.#..#..# #.#
.....5.)#####..#..# #.##
#.#.##......#..#..# #...
#......#..#..# ####
###....#..#..# #.......#..#
#....#.##..# #######
#######..........# #......
#..........#####.####.#####
#.#...###.............# #


You could see an adder and a friendly crimson imp.

Vanquished Creatures
  2 leopard geckos
  3 bats
  3 giant cockroaches (D:2)
  4 goblins (D:1)
  4 hobgoblins (D:1)
  2 jackals (D:2)
  A quokka (D:2)
  3 frilled lizards
  4 kobolds
  7 rats (D:1)
33 creatures vanquished.

Vanquished Creatures (collateral kills)
  A jackal (D:2)
1 creature vanquished.

Grand Total: 34 creatures vanquished

Notes
Turn   | Place    | Note
-------+----------+-------------------------------------------
     0 | D:1      | bli the Demonspawn Wanderer began the quest for the Orb.
     0 | D:1      | bli set off with: a book of Minor Magic, the Catalogue of Flight, the Incunabulum of the Arsonist, a +0 robe, a +0 club, a bread ration
     0 | D:1      | Reached XP level 1. HP: 13/13 MP: 2/2
     0 | D:1      | Identified the Catalogue of Flight
     0 | D:1      | Identified the Incunabulum of the Arsonist
     2 | D:1      | Learned a level 1 spell: Flame Tongue
   540 | D:1      | Gained mutation: A weak demonic guardian rushes to your aid. [demonic ancestry]
   540 | D:1      | Reached XP level 2. HP: 19/19 MP: 1/3
   658 | D:1      | Learned a level 2 spell: Call Imp
  1427 | D:2      | Reached XP level 3. HP: 16/24 MP: 2/5
  1444 | D:2      | Reached skill level 4 in Fire Magic
  1900 | D:2      | Slain by an adder

Skill      XL: |  1  2  3 |
---------------+----------+-----
Fire Magic     | 4 |  4.0
Spellcasting   | 2 |  2.0
Throwing       | |  1.0
Dodging        | |  0.1
Stealth        | |  1.5
Conjurations   | |  0.2
Summonings     | |  3.0

Action                   || total
-------------------------++-------
Melee: Club              ||    43
       Whip              ||    31
 Cast: Flame Tongue      ||    39
       Call Imp          ||     3
 Stab: Sleeping          ||     1
  Eat: Chunk             ||     5
Armor: Robe              ||    19
Dodge: Dodged            ||    68
